 Dungeon Crawl Stone Soup version 0.28-a0-479-g5baa6b73be (webtiles) character file.

Game seed: 8096370096292285927

385 timneilson the Shield-Bearer (level 6, -2/38 HPs)
             Began as a Gargoyle Fighter on Sept 18, 2021.
             Slain by Edmund (4 damage)
             ... on level 5 of the Dungeon.
             The game lasted 00:05:06 (4806 turns).

timneilson the Shield-Bearer (Gargoyle Fighter)     Turns: 4806, Time: 00:05:07

Health: -2/38      AC: 13    Str: 27    XL:     6   Next: 77%
Magic:  6/6        EV:  8    Int:  9    God:
Gold:   211        SH:  8    Dex:  9    Spells: 5/5 levels left

rFire   . . .      SeeInvis .   a - +0 long sword
rCold   . . .      Faith    .   i - +0 kite shield
rNeg    + . .      Spirit   .   b - +0 scale mail
rPois   ∞          Reflect  .   (no helmet)
rElec   +          Harm     .   k - +1 cloak
rCorr   .          Rampage  .   (no gloves)
Will    .....                   (no boots)
Stlth   ..........              (no amulet)
HPRegen 0.12/turn               t - +6 ring of strength
MPRegen 0.10/turn               (no ring)

@: mighty
A: sickness immunity, AC +4, negative energy resistance 1, electricity
resistance, torment resistance 1, petrification resistance
a: no special abilities


You were on level 5 of the Dungeon.
You visited 1 branch of the dungeon, and saw 5 of its levels.

You collected 211 gold pieces.

Inventory:

Hand Weapons
 a - a +0 long sword (weapon)
Armour
 b - a +0 scale mail (worn)
 f - a +0 tower shield
 i - a +0 kite shield (worn)
 k - a +1 cloak (worn)
Jewellery
 n - a ring of fire
 t - a +6 ring of strength (left hand)
Wands
 p - a wand of flame (12)
Scrolls
 c - 2 scrolls of teleportation
 o - a scroll of magic mapping
 r - a scroll of immolation
 s - a scroll of enchant armour
Potions
 e - a potion of flight {unknown}
 g - a potion of ambrosia {unknown}
 h - 3 potions of magic
 j - a potion of mutation
 l - 2 potions of attraction {unknown}
 m - a potion of brilliance {unknown}
 q - a potion of heal wounds {unknown}
 u - a potion of curing {unknown}


   Skills:
 + Level 4.1 Fighting
 * Level 3.6 Long Blades
 * Level 4.9 Armour
 + Level 1.5 Dodging
 * Level 4.9 Shields


You had 5 spell levels left.
You didn't know any spells.
Your spell library contained the following spells:

 Spells                   Type           Power      Damage    Failure   Level
 Alistair's Intoxication  Tmut/Pois      0%         N/A       100%        5
 Borgnjor's Vile Clutch   Necr/Erth      0%         N/A       100%        5
 Eringya's Noxious Bog    Tmut/Pois      0%         N/A       100%        6


Dungeon Overview and Level Annotations

Branches:
Dungeon (5/15)
 Temple: D:4-7

Altars:

Annotations:
D:5 Edmund


Innate Abilities, Weirdness & Mutations

You are immune to sickness and miasma.
Your stone body is resilient. (AC +4)
You are immune to poison.
You resist negative energy. (rN+)
You are resistant to electric shocks. (rElec)
You are resistant to unholy torment.
You are immune to petrification.


Message History

You closely miss Edmund.
Edmund is heavily wounded.
Edmund hits you with a +2 dire flail of draining.
You barely miss Edmund.
Edmund is heavily wounded.
Edmund hits you with a +2 dire flail of draining.
Edmund hits you but does no damage.
You closely miss Edmund.
Edmund is heavily wounded.
Edmund closely misses you.
You closely miss Edmund.
Edmund is heavily wounded.
You block Edmund's attack. Edmund hits you but does no damage.
You barely miss Edmund.
Edmund is heavily wounded.
Edmund hits you with a +2 dire flail of draining.
You hit Edmund.
Edmund is heavily wounded.
You block Edmund's attack.
Edmund hits you with a +2 dire flail of draining.
You slash Edmund!
Edmund is almost dead.
You block Edmund's attack.
You closely miss Edmund.
Edmund is almost dead.
Edmund barely misses you.
Edmund hits you with a +2 dire flail of draining.
* * * LOW HITPOINT WARNING * * *
You hit Edmund.
Edmund is almost dead.
You block Edmund's attack.
You closely miss Edmund.
Edmund is almost dead.
Edmund hits you with a +2 dire flail of draining!
* * * LOW HITPOINT WARNING * * *
You closely miss Edmund.
Edmund is almost dead.
Edmund hits you but does no damage.
Edmund hits you with a +2 dire flail of draining.
You die...

###....#. #.$......
#........ #.......#
#.......# #.......#
#....s# #@# # #@# #. #.#
#.#######.#
#.......#.####..
#....#..........#
#.......#.......#...
####.#.##.#...#.##.#######
#.#....#.#............#
#.####.#.#.#..........#


You could see Edmund and a scorpion.

Vanquished Creatures
  2 scorpions (D:4)
  2 jellies (D:4)
  2 orc priests
  Natasha (D:3)
  2 hound skeletons (D:4)
  4 adders
  A worm (D:2)
  A dart slug (D:1)
  6 orcs
  3 ball pythons
  7 endoplasms
  A giant cockroach (D:4)
  7 goblins
  5 hobgoblins
  4 kobolds
  3 quokkas
  3 bats
  3 frilled lizards
  4 rats
61 creatures vanquished.

Notes
Turn   | Place    | Note
-------+----------+-------------------------------------------
     0 | D:1      | timneilson the Gargoyle Fighter began the quest for the
                  | Orb.
     0 | D:1      | Reached XP level 1. HP: 14/14 MP: 1/1
   203 | D:1      | Reached XP level 2. HP: 19/19 MP: 2/2
  1002 | D:1      | Found a faded altar of an unknown god.
  1416 | D:2      | Reached XP level 3. HP: 17/23 MP: 3/3
  2287 | D:3      | Reached XP level 4. HP: 19/28 MP: 4/4
  3135 | D:4      | Reached skill level 1 in Dodging
  3135 | D:4      | Reached XP level 5. HP: 6/33 MP: 5/5
  3680 | D:4      | Reached XP level 6. HP: 7/38 MP: 6/6
  4127 | D:3      | Noticed Natasha
  4133 | D:3      | Killed Natasha
  4739 | D:5      | Entered Level 5 of the Dungeon
  4784 | D:5      | Noticed Edmund
  4806 | D:5      | Slain by Edmund

Illustrated notes

Levels and vault maps discovered:
D:1:      eino_arrival_cavern_a, layout_loops_ring, basic_ecumenical_altar
D:2:      layout_rooms
D:3:      layout_basic, minmay_misc_feat_x, kennysheep_flooded_box,
          minmay_misc_feat_square, uniq_natasha
D:4:      minmay_recursive_quarters, layout_rooms, minmay_misc_feat_iff
D:5:      layout_basic, uniq_edmund

Skill      XL: |  1  2  3  4  5  6 |
---------------+-------------------+-----
Long Blades    | 2 3 |  3.6
Armour         | 4 |  4.9
Shields        | 4 |  4.9
Dodging        | 1 |  1.5
Fighting       | 4 |  4.1

Action                   |  1- 3 |  4- 6 || total
-------------------------+-------+-------++-------
Melee: Long sword        |   142 |   155 ||   297
  Use: Scroll            |     8 |     3 ||    11
       Potion            |       |     2 ||     2
Armor: Scale mail        |    93 |   102 ||   195
Dodge: Dodged            |    55 |    57 ||   112
Block: Buckler           |     5 |       ||     5
       Kite shield       |    69 |    74 ||   143

Table legend: (Time is in decaauts)
 A = Elapsed time spent in this place.
 B = Non-inter-level travel time spent in this place.
 C = Inter-level travel time spent in this place.
 D = Time resting spent in this place.
 E = Time spent auto-exploring this place.
 F = Levels seen in this place.
 G = Mean time per level.
                   A        B        C        D        E       F      G
               +--------+--------+--------+--------+--------+-----+--------+
         Total |   4949 |   4827 |    122 |    655 |   3364 |   5 |  989.8 |
       Dungeon |   4949 |   4827 |    122 |    655 |   3364 |   5 |  989.8 |
               +--------+--------+--------+--------+--------+-----+--------+

Top non-repeatable levels by time:
     D:3: 1813 daAuts
     D:1: 1385 daAuts
     D:4: 1147 daAuts
     D:2: 530 daAuts
     D:5: 73 daAuts
